Unix NetHack Version 3.7.0-95 Work-in-progress - last build Jan 1 2024 20:51:50 (6a0ccc5fa2390e420dd2d488a2f9488d2ae3a63b,branch:master). Game began 2024-01-06 08:56:59, ended 2024-01-06 11:17:13. elenmirie, lawful female human Knight --- --- --- --.-- ------ |..| |..| |...-- ---..%.-----------..-- ------- |..--- -...| --...%-.........--....###- --.)--.---....--- |...| |...........%).%........#.- ----- |.......|.......| |.|.| ----- --)..----------.............| ---...-- --.|..).|.--....| |.|.----#|...---|..--- |<...........----.%....| ----[|.)-...|--...| |......###.....||.-- ---###[#.....*....---..| |...)|--...-- |...| ----...# #.....--.| #*##|.##..#---0..| --.|--%-----..)-- --.-- --..-#-#-......| ##*#.........---- |.|...||....|.| |.| ---------.....-#^..^..| ---- --### -#-##-#--.| |%..---|.----.| --.| |..--..............^..| |..---..# --## *##|.| ---..| |.--|..| |..-- -->...........#.......| |...|a..##--..| |.| |..| |..||.-- |...-- |................^....| ---.@.....|...- --|.--- |..| |..--.| |.0..| |........(..|.##.|..-.| -###-........|-..|...| ---- |.....-- |...-- ---......|.------|..*.| #*## -.....-|.......| --.....| ----- --...----- --..-- * |.....--.......| ---...-- |...| |..| |..........|...| |....| --.-- |..| |.........------ ------ --- |..| --.--.|.--- ---- -------- Elenmirie the Sergeant St:10 Dx:12 Co:16 In:8 Wi:18 Ch:18 Lawful Dlvl:8 $:0 HP:0(77) Pw:77(77) AC:2 Xp:10/5439 T:10803 Burdened Latest messages: You have a little trouble lifting J - a potion of healing. What do you want to use or apply? [bejmnwxGHL or ?*] w What do you want to drink? [J or ?*] J You feel better. You hit the warg! The warg bites! You hit the warg! You kill the warg! The soldier ant misses! The soldier ant stings! You hit the soldier ant! The soldier ant bites! The soldier ant stings! The soldier ant bites! The soldier ant stings! You kill the soldier ant! You see here a warg corpse. There is a warg corpse here; eat it? [ynq] (n) y This warg corpse tastes okay. You stop eating the warg corpse. The gnome throws a dart! You are hit by a dart. You kill the gnome! You see here a green gem. The quantum mechanic hits! You are not affected. You hit the quantum mechanic! The quantum mechanic hits! You are not affected. The quantum mechanic just misses! You kill the quantum mechanic! You see here a potion called 100 dar. You have a little trouble lifting M - a potion called 100 dar. You hear crashing rock. You see here 11 rocks. The soldier ant bites! The soldier ant stings! The soldier ant bites! The soldier ant misses! You hit the soldier ant! The soldier ant misses! The soldier ant stings! The soldier ant bites! The soldier ant stings! You die... Do you want your possessions identified? [ynq] (y) y Do you want to see your attributes? [ynq] (y) y Do you want an account of creatures vanquished? [ynaq] (y) y Do you want to see your conduct and achievements? [ynq] (y) y Do you want to see the dungeon overview? [ynq] (y) y Inventory: Weapons a - the blessed rustproof +1 Excalibur (weapon in right hand) b - an uncursed +1 lance (alternate weapon; not wielded) Armor Q - an uncursed +0 elven leather helm (being worn) f - an uncursed +0 pair of leather gloves (being worn) p - an uncursed +0 small shield (being worn) K - an uncursed +0 cloak of magic resistance (being worn) U - an uncursed +0 mummy wrapping c - an uncursed +1 ring mail (being worn) Potions M - an uncursed potion of extra healing Rings y - a cursed ring of hunger D - an uncursed ring of protection from shape changers E - an uncursed ring of searching I - an uncursed ring of teleport control Wands G - an uncursed wand of cold (0:4) j - an uncursed wand of digging (0:5) L - a cursed wand of slow monster (0:6) H - an uncursed wand of undead turning (0:3) Tools w - an uncursed bag of holding containing 35 items n - an uncursed tooled horn m - a blessed oil lamp (lit) e - a cursed skeleton key x - an uncursed towel Contents of the bag of holding: 2825 gold pieces an uncursed holy hand grenade 10 uncursed apples 13 uncursed carrots 5 uncursed food rations 2 uncursed lembas wafers an uncursed tripe ration a blessed scroll of blank paper an uncursed scroll of confuse monster a cursed scroll of confuse monster an uncursed scroll of destroy armor a blessed scroll of earth an uncursed scroll of earth an uncursed scroll of gold detection 4 uncursed scrolls of identify a blessed scroll of light a cursed scroll of magic mapping an uncursed scroll of remove curse 2 cursed scrolls of teleportation an uncursed potion of confusion an uncursed potion of extra healing an uncursed potion of hallucination an uncursed potion of invisibility an uncursed potion of levitation an uncursed potion of sickness a cursed ring of cold resistance an uncursed ring of conflict an uncursed ring of conflict an uncursed ring of conflict a cursed ring of free action an uncursed +2 ring of increase damage a cursed ring of invisibility an uncursed magic marker (0:90) an uncursed magic marker (0:22) an uncursed oil lamp Elenmirie the Knight's attributes: Background: You were a Sergeant, a level 10 female human Knight. You were lawful, on a mission for Lugh who was opposed by Brigit (neutral) and Manannan Mac Lir (chaotic). You were right-handed. You were in the Gnomish Mines, on level 8. You entered the dungeon 10803 turns ago. You had 5439 experience points, 4561 more were needed to attain level 11. Basics: You had 0 out of 77 hit points. You had all 77 energy points (spell power). Your armor class was 2. Your wallet was empty, but you had 2825 zorkmids stashed away in your pack. Autopickup was on for '$' plus thrown. Final Characteristics: Your strength was 10 (peak:17, limit:18/100). Your dexterity was 12 (limit:18). Your constitution was 16 (limit:18). Your intelligence was 8 (limit:18). Your wisdom was 18 (limit:18). Your charisma was 18 (limit:18). Final Status: You weren't hungry. You were burdened; movement was slightly slowed. You were wielding a long sword. You had expert skill with long sword. Final Attributes: You were piously aligned. You were magic-protected. You were level-drain resistant. You were telepathic. You had automatic searching. You could jump. You were warded. You were fast. You are dead. Miscellaneous: You encountered 1 bones level. Total elapsed playing time was 2 hours, 20 minutes and 7 seconds. Major events: Turn 1: elenmirie the lawful female human Knight entered the dungeon 1315: attained the rank of Esquire (level 3) 2945: entered the Gnomish Mines 3230: attained the rank of Bachelor (level 6) 3230: destroyed jelly99's ghost, the former Evoker 3973: signified by divine providence, was chosen to carry Excalibur 5797: reached Mine Town 7259: entered Sokoban 7541: completed 1st Sokoban level 7947: completed 2nd Sokoban level 8251: completed 3rd Sokoban level 9257: completed 4th Sokoban level 9688: acquired the Sokoban bag of holding 10572: attained the rank of Sergeant (level 10) 10803: killed by a soldier ant Vanquished creatures: a ghost 2 giant mimics a large mimic a stalker a warg a small mimic a quantum mechanic a sasquatch a gelatinous cube a large dog a flaming sphere a leocrotta 2 elf mummies a human mummy a python a wraith 3 carnivorous apes an amorous demon a crocodile a giant beetle a wolf 4 winter wolf cubs a lynx a gremlin an orc-captain a black light a vampire bat an orc mummy 2 dwarf mummies an ogre 3 rust monsters a gold golem 5 chickatrices 3 jaguars 2 blue jellies a dust vortex a plains centaur a gnome mummy a snake an ape 2 rope golems a Woodland-elf 2 soldier ants 2 quasits a wood nymph a mountain nymph 8 Uruk-hai an orc shaman a rock piercer 2 rock moles 2 ponies 6 fog clouds 3 yellow lights 3 shriekers a violet fungus 8 gnome leaders 2 gnomish wizards a kobold mummy a gray ooze 8 elf zombies a ghoul a straw golem a baby crocodile 3 giant ants 6 floating eyes 4 dwarves 2 homunculi 3 kobold shamans 4 hill orcs 5 rothes 2 centipedes 3 orc zombies a wererat a werejackal 2 iguanas 11 killer bees 5 acid blobs 6 coyotes a gas spore a hobbit 3 large kobolds 4 giant rats 7 cave spiders a brown mold 3 yellow molds 2 red molds 34 gnomes 11 garter snakes 2 gnome zombies 6 geckos 13 jackals a fox 2 kobolds 3 goblins 13 grid bugs 3 bats 9 lichens 3 kobold zombies 3 newts 299 creatures vanquished. No species were genocided or became extinct. Voluntary challenges: You read items or engraved 2 times. You never engraved Elbereth. You never genocided any monsters. You never polymorphed an object. You never changed form. You used no wishes. You did not violate any of the special Sokoban rules. Achievements: You attained the rank of Esquire. You entered a shop. You entered the Gnomish Mines. You attained the rank of Bachelor. You entered Minetown. You entered a temple. You entered Sokoban. You completed Sokoban. You attained the rank of Sergeant. The Dungeons of Doom: levels 1 to 8 Level 1: Some fountains, a sink. Level 2: Level 3: A fountain, a grave. Level 4: A fountain. Stairs down to The Gnomish Mines. Level 5: "nymph has saddle" A fountain, a grave. Final resting place for jelly99-Wiz-Hum-Mal-Neu, killed by a grid bug, while fainted from lack of food. Level 6: A fountain. Oracle of Delphi. Level 7: "boulder stash" A fountain. Stairs up to Sokoban, level 6. Level 8: The Gnomish Mines: levels 5 to 8 Level 5: Level 6: Level 7: A temple and an altar, some fountains, some trees. Level 8: <- You were here. Final resting place for you, killed by a soldier ant. Sokoban: levels 6 up to 3 Level 3: Solved. Level 4: Solved. Level 5: Solved. Level 6: Solved. Game over: ---------- / \ / REST \ / IN \ / PEACE \ / \ | elenmirie | | 2825 Au | | killed by a | | soldier ant | | | | | | 2024 | *| * * * | * _________)/\\_//(\/(/\)/\//\/|_)_______ Fare thee well elenmirie the Knight... You died in The Gnomish Mines on dungeon level 8 with 24683 points, and 2825 pieces of gold, after 10803 moves. You were level 10 with a maximum of 77 hit points when you died.